 Dungeon Crawl Stone Soup version 0.29.1-1-gd02db6906a (webtiles) character file.

Game seed: 7033809150233332647

681 112233 the Digger (level 7, -4/45 HPs)
             Began as an Octopode Earth Elementalist on Oct 6, 2022.
             Was an Initiate of Makhleb.
             Slain by a steam dragon (11 damage)
             ... on level 5 of the Dungeon.
             The game lasted 00:04:48 (6746 turns).

112233 the Digger (Octopode Earth Elementalist)     Turns: 6746, Time: 00:04:48

Health: -4/45      AC:  1    Str:  5    XL:     7   Next: 61%
Magic:  3/11       EV: 13    Int: 20    God:    Makhleb [......]
Gold:   138        SH:  0    Dex: 12    Spells: 6/12 levels left

rFire   . . .      SeeInvis .   (no weapon)
rCold   . . .      Faith    .   (no shield)
rNeg    . . .      Spirit   .   (helmet restricted)
rPois   .          Reflect  .   (no amulet)
rElec   .          Harm     .   (no ring)
rCorr   .          Rampage  .   (no ring)
Will    .....                   (no ring)
Stlth   +++.......              (no ring)
HPRegen 0.15/turn               (no ring)
MPRegen 0.12/turn               (no ring)
                                (no ring)
                                (no ring)

@: very slightly contaminated
A: almost no armour, amphibious, 8 rings, camouflage 1, gelatinous body 1,
(nimble swimmer 1), tentacles, weak 1
a: Renounce Religion


You were on level 5 of the Dungeon.
You worshipped Makhleb.
Makhleb was noncommittal.
You visited 2 branches of the dungeon, and saw 6 of its levels.

You collected 138 gold pieces.

Inventory:

Armour
 c - a +0 kite shield
 h - a +0 buckler
Jewellery
 f - a ring of ice
 i - a ring of ice
Wands
 k - a wand of light (10)
Scrolls
 a - 2 scrolls of amnesia {unknown}
 b - 3 scrolls of teleportation
 d - 3 scrolls of butterflies {unknown}
 e - 2 scrolls of identify {unknown}
 j - a scroll of magic mapping {unknown}
Potions
 g - a potion of mutation


   Skills:
 + Level 2.3 Fighting
 - Level 2.0 Dodging
 - Level 2.8 Stealth
 + Level 2.3 Shields
 + Level 3.1 Spellcasting
 - Level 1.0 Transmutations
 + Level 7.1 Earth Magic


You had 6 spell levels left.
You knew the following spells:

 Your Spells              Type           Power      Damage    Failure   Level
a - Sandblast             Erth           62%        2d14      1%          1
b - Stone Arrow           Conj/Erth      34%        3d9       10%         3
c - Passwall              Tmut/Erth      15%        N/A       3%          2

Your spell library contained the following spells:

 Spells                   Type           Power      Damage    Failure   Level
 Petrify                  Tmut/Erth      19%        N/A       26%         4
 Leda's Liquefaction      Hex/Erth       8%         N/A       32%         4
 Borgnjor's Vile Clutch   Necr/Erth      8%         N/A       65%         5
 Monstrous Menagerie      Summ           1%         N/A       100%        7


Dungeon Overview and Level Annotations

Branches:
Dungeon (5/15)             Temple (1/1) D:4

Altars:
Elyvilon
Hepliaklqana
Makhleb
Qazlal
Ru
Sif Muna
Uskayaw
Wu Jian
Xom
Yredelemnul
Zin
The Shining One

Shops:
D:2 [

Annotations:
D:2 Natasha
D:3 Grinder


Innate Abilities, Weirdness & Mutations

You cannot wear most types of armour.
You are amphibious.
You can wear up to eight rings at the same time.
Your skin changes colour to match your surroundings (Stealth+).
Your rubbery body absorbs attacks. (AC +1, EV +1)
((You are camouflaged when in or above water. (Stealth+)))
You have tentacles for arms and can constrict up to eight enemies at once.
You are weak. (Str -2)


Message History

Aiming: Sandblast (safe; 1% risk of failure)
Press: ? - help, Shift-Dir - straight line, f - steam dragon
Aim: a steam dragon (asleep, 100% to hit)
The blast of sand hits the steam dragon.
The steam dragon is lightly wounded.
The steam dragon hisses angrily.
The steam dragon bites you but does no damage.
The steam dragon misses you.
Casting: Sandblast (safe; 1% risk of failure)
Confirm with . or Enter, or press ? or * to list all spells.
Aiming: Stone Arrow (dangerous; 10% risk of failure)
Press: ? - help, Shift-Dir - straight line, f/p - steam dragon
Aim: a steam dragon (lightly wounded, 68% to hit)
The stone arrow hits the steam dragon!
The steam dragon is heavily wounded.
The steam dragon closely misses you. The steam dragon claws you.
Casting: Stone Arrow (dangerous; 10% risk of failure)
Confirm with . or Enter, or press ? or * to list all spells.
Aiming: Stone Arrow (dangerous; 10% risk of failure)
Press: ? - help, Shift-Dir - straight line, f/p - steam dragon
Aim: a steam dragon (heavily wounded, 68% to hit)
You miscast Stone Arrow.
You are very lightly contaminated with residual magic.
Nothing appears to happen.
The steam dragon breathes steam at you. The ball of steam hits you!!
Ouch! That really hurt!
Casting: Stone Arrow (dangerous; 10% risk of failure)
Confirm with . or Enter, or press ? or * to list all spells.
Aiming: Sandblast (safe; 1% risk of failure)
Press: ? - help, Shift-Dir - straight line, f/p - steam dragon
Aim: a steam dragon (heavily wounded, catching its breath, 84% to hit)
The blast of sand hits the steam dragon!
The steam dragon is almost dead.
You are engulfed in a cloud of scalding steam.
* * * LOW HITPOINT WARNING * * *
The steam dragon closely misses you. The steam dragon claws you.
* * * LOW HITPOINT WARNING * * *
The steam dragon bites you!
You die...

#.#.#.#.#.#...#~~..r~~
#...#...#.#...###...##
###..#..##.......#...#.
#.#....###.............
#.##..###.............
#.#...##.............
#§##.##....#.##..#..
##§#..#...........>.
#@###..........#..
##D##....(.....#.. ##
..#......... .. #.
#.##. ..... ##.##.
.....


You could see a steam dragon (catching breath).

Vanquished Creatures
  2 scorpions
  2 hounds (D:5)
  3 jellies (D:4)
  A gnoll bouda (D:5)
  An orc priest (D:4)
  Natasha (D:2)
  2 orc wizards
  Robin (D:3)
  7 gnolls
  8 adders
  An ufetubus (D:5)
  2 worms
  A dart slug (D:4)
  12 orcs
  7 ball pythons
  8 bats
  5 endoplasms
  8 giant cockroaches
  13 hobgoblins
  8 jackals
  6 kobolds
  4 quokkas
  4 frilled lizards
  9 goblins
  7 rats
123 creatures vanquished.

Notes
Turn   | Place    | Note
-------+----------+-------------------------------------------
     0 | D:1      | 112233 the Octopode Earth Elementalist began the quest for
                  | the Orb.
     0 | D:1      | Reached XP level 1. HP: 11/11 MP: 3/3
   157 | D:1      | Reached XP level 2. HP: 17/17 MP: 0/5
  1090 | D:1      | Reached XP level 3. HP: 21/21 MP: 4/6
  1266 | D:1      | Reached skill level 4 in Earth Magic
  1381 | D:1      | HP: 1/21 [giant cockroach (1)]
  2232 | D:2      | Identified the +1 robe "Qosheob" {rF+ rC+ Stlth+}
  2290 | D:2      | Noticed Natasha
  2295 | D:2      | Killed Natasha
  2296 | D:2      | Reached XP level 4. HP: 16/27 MP: 3/7
  2300 | D:2      | Learned a level 3 spell: Stone Arrow
  2303 | D:2      | Learned a level 2 spell: Passwall
  2533 | D:2      | Found Intyigij's Antique Armour Emporium.
  2537 | D:2      | Reached skill level 5 in Earth Magic
  2631 | D:2      | Got the Disquisition on the United Rocks
  2713 | D:2      | Noticed Natasha
  3222 | D:3      | You fall into a shaft and drop 2 floors!
  3222 | D:5      | Entered Level 5 of the Dungeon
  3279 | D:5      | Reached XP level 5. HP: 22/31 MP: 2/8
  4177 | D:3      | Reached skill level 6 in Earth Magic
  4425 | D:3      | Noticed Robin
  4557 | D:3      | Killed Robin
  4574 | D:3      | Noticed Grinder
  4647 | D:4      | Found a stormy altar of Qazlal.
  4650 | D:4      | Found a hide-covered altar of Uskayaw.
  4735 | D:4      | Reached XP level 6. HP: 36/36 MP: 6/9
  4832 | D:4      | Found a staircase to the Ecumenical Temple.
  4883 | Temple   | Entered the Ecumenical Temple
  4883 | Temple   | Found a transporter.
  4883 | Temple   | Found a transporter.
  4943 | Temple   | Found a transporter.
  4943 | Temple   | Found a transporter.
  4979 | Temple   | Became a worshipper of Makhleb the Destroyer
  5040 | D:4      | Found a shimmering altar of Xom.
  5041 | D:4      | Found a hazy altar of Hepliaklqana.
  5042 | D:4      | Noticed a spectral ugly thing
  5385 | D:4      | Reached skill level 1 in Fighting
  5385 | D:4      | Reached skill level 1 in Shields
  5650 | D:4      | Gained mutation: You are weak. (Str -2) [potion of
                  | mutation]
  5650 | D:4      | Gained mutation: You are dopey. (Int -2) [potion of
                  | mutation]
  5650 | D:4      | Lost mutation: You are dopey. (Int -2) [potion of mutation]
  6010 | D:4      | Reached XP level 7. HP: 38/43 MP: 8/10
  6180 | D:5      | Reached skill level 7 in Earth Magic
  6249 | D:5      | Found a white marble altar of Elyvilon.
  6742 | D:5      | Noticed a steam dragon
  6746 | D:5      | Slain by a steam dragon

Illustrated notes

Levels and vault maps discovered:
D:1:      saegor_arrival_fortress, layout_basic
D:2:      layout_basic, serial_shops, nicolae_shop_window_shopping,
          due_unseen_surprise, uniq_natasha
D:3:      layout_loops_ring, cheibrodos_sewer_entry_drain, minmay_cupped,
          uniq_grinder, uniq_robin, uniq_crazy_yiuf_cottage
D:4:      layout_cave_pools, regret_index_temple_of_mockery,
          mainiacjoe_overflow_catwalk_spiral, minmay_temple_entry_mist,
          grunt_ministairs_11
D:5:      wad_crossroads, layout_basic, elyvilon_altar_4,
          okawaru_altar_gauntlet_db, mainiacjoe_overflow_cross_hatched,
          sword_in_stone
Temple:   hellmonk_temple_divided_pantheon

Skill      XL: |  1  2  3  4  5  6  7 |
---------------+----------------------+-----
Earth Magic    | 4 5 6 7 |  7.1
Fighting       | 1 2 |  2.3
Shields        | 1 2 |  2.3
Spellcasting   | 3 |  3.1
Dodging        | |  2.0
Stealth        | |  2.8
Transmutations | |  1.0

Action                   |  1- 3 |  4- 6 |  7- 9 || total
-------------------------+-------+-------+-------++-------
Melee: Unarmed           |     9 |    14 |     5 ||    28
       Constrict         |     5 |     3 |     1 ||     9
       Tentacles         |     2 |     2 |     1 ||     5
 Cast: Sandblast         |    58 |   118 |    24 ||   200
       Stone Arrow       |       |       |     3 ||     3
  Use: Potion            |     1 |     7 |       ||     8
       Scroll            |       |     2 |       ||     2
 Stab: Sleeping          |     1 |       |       ||     1
Armor: Skin              |     2 |     6 |     1 ||     9
Dodge: Dodged            |    18 |    43 |    18 ||    79
